 Dungeon Crawl Stone Soup version 0.32-a0-329-ge6c31236d6 (webtiles) character file.

Game seed: 14539015537120151303

128 voltaire321 the Magician (level 4, -1/25 HPs)
             Began as a Deep Elf Earth Elementalist on Feb 16, 2024.
             Slain by Ijyb
             ... wielding a +0 dagger
              (3 damage)
             ... on level 3 of the Dungeon.
             The game lasted 00:05:48 (2587 turns).

voltaire321 the Magician (DEEE)                     Turns: 2587, Time: 00:05:49

Health: -1/25      AC:  6    Str:  7    XL:     4   Next: 86%
Magic:  7/12       EV: 12    Int: 20    God:
Gold:   99         SH:  0    Dex: 15    Spells: 4/11 levels left

rFire   . . .        f - +2 hand axe (venom)
rCold   . . .        (no shield)
rNeg    . . .        m - +3 leather armour
rPois   .            (no helmet)
rElec   .            (no cloak)
rCorr   .            (no gloves)
SInv    .            (no boots)
Will    .....        (no amulet)
Stlth   ++           (no ring)
HPRegen 0.24/turn    (no ring)
MPRegen 0.13/turn

%: no passive effects
@: no status effects
A: no striking features
a: no special abilities


You were on level 3 of the Dungeon.
You visited 1 branch of the dungeon, and saw 3 of its levels.

You collected 99 gold pieces.

Inventory:

Hand Weapons
 d - a +0 dagger of holy wrath
 f - a +2 hand axe of venom (weapon)
Armour
 m - a +3 leather armour (worn)
Jewellery
 a - a ring of flight
Scrolls
 g - 3 scrolls of identify {unknown}
 h - a scroll of noise {unknown}
 j - a scroll of fog {unknown}
 k - a scroll of teleportation {unknown}
 l - a scroll of butterflies {unknown}
Potions
 b - 2 potions of magic
 c - 2 potions of heal wounds {unknown}
 e - a potion of enlightenment {unknown}
 i - a potion of invisibility {unknown}


   Skills:
 + Level 1.3 Fighting
 + Level 1.2 Armour
 + Level 3.3 Dodging
 - Level 2.4 Stealth
 + Level 4.0 Spellcasting
 + Level 2.1 Conjurations
 + Level 3.8 Earth Magic


You had 4 spell levels left.
You knew the following spells:

 Your Spells              Type           Power      Damage    Failure   Level
a - Sandblast             Erth           38%        2d10      3%          1
b - Passwall              Erth           19%        N/A       12%         3
c - Stone Arrow           Conj/Erth      32%        3d9       16%         3

Your spell library contained the following spells:

 Spells                   Type           Power      Damage    Failure   Level
 Brom's Barrelling Bould  Conj/Erth      16%        2d4       47%         4
 Petrify                  Alch/Erth      11%        N/A       63%         4


Dungeon Overview and Level Annotations

Branches:
Dungeon (3/15)

Altars:

Annotations:
D:3 Ijyb


Message History

Aiming: Sandblast (safe; 3% risk of failure)
Press: ? - help, Q - select action Shift-Dir - straight line, f/p - Ijyb
Aim: Ijyb, wielding a +0 dagger, wearing a +0 scale mail and carrying a wand of light (80% to hit)
The blast of sand hits Ijyb but does no damage.
Ijyb hits you but does no damage.
Aiming: Sandblast (safe; 3% risk of failure)
Press: ? - help, Q - select action Shift-Dir - straight line, f/p - Ijyb
Aim: Ijyb, wielding a +0 dagger, wearing a +0 scale mail and carrying a wand of light (80% to hit)
The blast of sand hits Ijyb but does no damage.
Ijyb zaps a wand.
The bolt of light hits you! Ijyb completely misses you.
Aiming: Sandblast (safe; 3% risk of failure)
Press: ? - help, Q - select action Shift-Dir - straight line, f/p - Ijyb
Aim: Ijyb, wielding a +0 dagger, wearing a +0 scale mail and carrying a wand of light (80% to hit)
The blast of sand hits Ijyb.
Ijyb is moderately wounded.
Ijyb screams, "Time for continue experiment!"
Ijyb hits you but does no damage.
Aiming: Sandblast (safe; 3% risk of failure)
Press: ? - help, Q - select action Shift-Dir - straight line, f/p - Ijyb
Aim: Ijyb, wielding a +0 dagger, wearing a +0 scale mail and carrying a wand of light (moderately wounded, 80% to hit)
The blast of sand hits Ijyb!
Ijyb is severely wounded.
Ijyb barely misses you.
Ijyb zaps a wand.
The bolt of light hits you!
You are confused.
* * * LOW HITPOINT WARNING * * *
You're too confused to cast spells.
Unknown command.
You hit Ijyb.
Ijyb is poisoned.
Ijyb is severely wounded.
Ijyb barely misses you.
You bump into the rock wall.
Ijyb completely misses you.
You closely miss Ijyb.
Ijyb is almost dead.
You feel less confused. Ijyb hits you but does no damage.
You closely miss Ijyb.
Ijyb is almost dead.
Ijyb hits you with a +0 dagger.
You die...
Ijyb screams, "Good help so hard to find!"

+.....'.###...#
#.....#.# ##...
#.....#.# #.
#.....#.#
#.....#.#
#.....#.#
#######.#
#.#######
#..@g...#
#######.#


You could see Ijyb (very poisoned).

Vanquished Creatures
  3 adders
  A dart slug (D:2)
  7 orcs (D:3)
  3 ball pythons
  6 bats
  5 endoplasms
  A giant cockroach (D:1)
  7 goblins
  6 hobgoblins
  5 kobolds
  4 frilled lizards
  5 rats
53 creatures vanquished.

Notes
Turn   | Place    | Note
-------+----------+-------------------------------------------
     0 | D:1      | voltaire321 the Deep Elf Earth Elementalist began the quest
                  | for the Orb.
     0 | D:1      | Reached XP level 1. HP: 10/10 MP: 6/6
    75 | D:1      | Reached XP level 2. HP: 15/15 MP: 5/8
   327 | D:1      | Reached XP level 3. HP: 20/20 MP: 7/9
  1323 | D:2      | Reached skill level 1 in Armour
  1340 | D:2      | Reached skill level 1 in Fighting
  1420 | D:2      | Reached XP level 4. HP: 25/25 MP: 9/11
  1922 | D:3      | Learned a level 3 spell: Passwall
  1926 | D:3      | Learned a level 3 spell: Stone Arrow
  2513 | D:3      | Reached skill level 4 in Spellcasting
  2574 | D:3      | Noticed Ijyb
  2583 | D:3      | HP: 1/25 [Ijyb/bolt of light (9)]
  2587 | D:3      | Slain by Ijyb

Illustrated notes

Levels and vault maps discovered:
D:1:      reono_arrival_forest_river, layout_basic, serial_forest,
          infiniplex_forest_corner_1, infiniplex_forest_lined_3,
          infiniplex_forest_lined_room_, infiniplex_forest_zigzag_2,
          infiniplex_forest_lined_3_way, infiniplex_forest_pool
D:2:      layout_loops_cross, serial_co_window_serial, co_window_paths_b,
          co_window_corner_a, co_window_paths_b, co_window_corner_a,
          co_window_paths_a, co_window_broadway_c, co_window_broadway_c,
          co_window_cross_3, co_window_paths_c, co_window_broadway_a,
          co_window_2corner, glass_columns_a, glass_columns_b, glass_columns_b,
          glass_columns_a, minmay_distorted
D:3:      minmay_skewed_foursquare, layout_basic, uniq_crazy_yiuf_cottage,
          uniq_ijyb

Skill      XL: |  1  2  3  4 |
---------------+-------------+-----
Armour         | 1 |  1.2
Fighting       | 1 |  1.3
Dodging        | 3 |  3.3
Conjurations   | 2 |  2.1
Spellcasting   | 4 |  4.0
Stealth        | |  2.4
Earth Magic    | |  3.8

Action                     |  1- 3 |  4- 6 || total
---------------------------+-------+-------++-------
  Melee: Unarmed           |     1 |       ||     1
         Hand axe          |       |     3 ||     3
   Cast: Sandblast         |    46 |    36 ||    82
 Armour: Robe              |     8 |     3 ||    11
         Leather armour    |       |     7 ||     7
  Dodge: Dodged            |    12 |    10 ||    22

Table legend: (Time is in decaauts)
 A = Elapsed time spent in this place.
 B = Non-inter-level travel time spent in this place.
 C = Inter-level travel time spent in this place.
 D = Time resting spent in this place.
 E = Time spent auto-exploring this place.
 F = Levels seen in this place.
 G = Mean time per level.
                   A        B        C        D        E       F      G
               +--------+--------+--------+--------+--------+-----+--------+
         Total |   2634 |   2606 |     28 |    324 |   1834 |   3 |  878.0 |
       Dungeon |   2634 |   2606 |     28 |    324 |   1834 |   3 |  878.0 |
               +--------+--------+--------+--------+--------+-----+--------+

Top non-repeatable levels by time:
     D:2: 1089 daAuts
     D:1: 837 daAuts
     D:3: 707 daAuts
